 Dungeon Sprint DCSS version 0.22.0-38-g04b72b8 (webtiles) character file.

30842 iamserjio the Slayer (level 13, -9/104 HPs)
             Began as a Tengu Berserker on Aug 25, 2018.
             Was an Elder of Trog.
             Shot with an arrow by a deep elf master archer (27 damage)
             ... in the Dungeon (Sprint I: "Red Sonja").
             The game lasted 00:59:05 (5862 turns).

iamserjio the Slayer (Tengu Berserker)              Turns: 5862, Time: 00:59:06

Health: -9/104     AC: 13    Str: 21    XL:     13   Next: 54%
Magic:  18/19      EV: 30    Int:  7    God:    Trog [****..]
Gold:   521        SH:  0    Dex: 18    Spells: 12/12 levels left

rFire    + . .     SeeInvis +   o - +9 great sword (holy)
rCold    . . .     Gourm    .   (shield currently unavailable)
rNeg     . . .     Faith    .   w - +0 ring mail "Vyl Reej" {rPois rCorr Str+2 Slay+2}
rPois    +         Spirit   .   (helmet restricted)
rElec    .         Reflect  .   c - +2 cloak
rCorr    +         Harm     .   s - +2 pair of gloves
MR       .....     NoTele   +   (boots unavailable)
Stlth    +.........             (no amulet)
HPRegen  0.27/turn              C - ring of protection from fire
MPRegen  0.16/turn              p - ring of see invisible

@: flying quickly and evasively, very slightly contaminated, studying Shields,
invisible, quick
A: beak, talons 3, mutation resistance 1, MP-powered wands, able to fly 1
a: Berserk, Trog's Hand, Brothers in Arms, Renounce Religion


You were in the Dungeon.
You worshipped Trog.
Trog was greatly pleased with you.
You were not hungry.

You visited 1 branch You collected 6368 gold pieces.
You spent 5847 gold pieces at shops.

Inventory:

Hand Weapons
 a - the +6 rapier "Qogibali" {holy, rPois rN+}
   (You found it in the Dungeon)

   It has been blessed by the Shining One to cause great damage to the undead
   and demons.
   It protects you from poison.
   It protects you from negative energy.
 i - a +2 triple sword of holy wrath
 o - a +9 great sword of holy wrath (weapon)
 q - a +1 great sword of electrocution
 v - a +4 antimagic scimitar
 D - a +5 great sword of freezing
 E - a +2 antimagic great sword
 M - a +2 great sword of flaming
Missiles
 y - 2 throwing nets (quivered) {!f}
Armour
 c - a +2 cloak (worn)
 k - a +3 leather armour of fire resistance
 s - a +2 pair of gloves (worn)
 w - the +0 ring mail "Vyl Reej" (worn) {rPois rCorr Str+2 Slay+2}
   (You bought it in a shop in the Dungeon)

   It affects your strength (+2).
   It affects your accuracy and damage with ranged weapons and melee attacks
   (+2).
   It protects you from poison.
   It provides partial protection from all sources of acid and corrosion.
 H - the +1 ring mail "Opiuj Unekor" {rC+++ MR- Regen+ Stlth-}
   (You bought it in a shop in the Dungeon)

   It renders you almost immune to cold.
   It affects your resistance to hostile enchantments.
   It increases your rate of regeneration.
   It makes you less stealthy.
Jewellery
 d - an uncursed ring of resist corrosion
 p - a ring of see invisible (right hand)
 C - a ring of protection from fire (left hand)
Wands
 e - a wand of paralysis (10)
 j - a wand of polymorph (12)
 n - a wand of digging (11)
 N - a wand of iceblast (12)
 O - a wand of scattershot (4)
Scrolls
 m - 3 scrolls of enchant armour
 r - a scroll of fear
 A - 2 scrolls of remove curse {@r2}
 B - 2 scrolls of amnesia
 F - 2 scrolls of immolation
 K - 2 scrolls of fog
 L - 3 scrolls of holy word
Potions
 b - a potion of cancellation
 f - 2 potions of haste
 g - 2 potions of magic
 h - a potion of berserk rage
 l - a potion of lignification
 u - 2 potions of curing {@q1}
 G - 2 potions of agility
 I - 2 potions of brilliance
 P - 2 potions of mutation
 Q - a potion of ambrosia
Books
 t - a manual of Shields
Miscellaneous
 J - a phial of floods
Comestibles
 z - 8 rations


   Skills:
 + Level 21.2 Fighting
 - Level 20.1 Long Blades
 - Level 6.4 Armour
 - Level 18.1 Dodging
 - Level 6.7 Evocations


You had 12 spell levels left.
You didn't know any spells.
Your spell library contained the following spells:

 Spells                   Type           Power        Failure   Level  Hunger
 Magic Dart               Conj           #...         58%         1    ##.....
 Blink                    Tloc           N/A          73%         2    ###....
 Call Imp                 Summ           #.......     73%         2    ###....
 Slow                     Hex            #.......     73%         2    ###....
 Conjure Flame            Conj/Fire      #.......     91%         3    ####...
 Mephitic Cloud           Conj/Pois/Air  #.......     91%         3    ####...


Dungeon Overview and Level Annotations

Branches:
Dungeon (1/1)

Altars:
Cheibriados
Dithmenos
Elyvilon
Fedhas
Gozag
Hepliaklqana
Kikubaaqudgha
Makhleb
Nemelex Xobeh
Okawaru
Qazlal
Ru
Sif Muna
Trog
Uskayaw
Vehumet
Wu Jian
Xom
Yredelemnul
Zin
The Shining One
Jiyva
Lugonu

Shops:
D *(:?!*[%(:*(!?**?*%[}*


Innate Abilities, Weirdness & Mutations

You have a beak for a mouth.
You have claws for feet.
You can fly.
You are somewhat resistant to further mutation.
You expend magic power (3 MP) to strengthen your wands.


Message History

The deep elf master archer shoots an arrow.
The arrow hits you!
* * * LOW HITPOINT WARNING * * *
You hear a splash.
You feel better.
Your skin stops crawling.
You feel less resistant to hostile enchantments.
The deep elf master archer shoots an arrow.
The arrow misses you.
You hear a splash.
You completely miss the deep elf master archer.
Your kick misses the deep elf master archer.
The deep elf master archer is lightly wounded.
The deep elf master archer shoots an arrow.
The arrow hits you!
* * * LOW HITPOINT WARNING * * *
You hear a splash.
The deep elf master archer shoots an arrow.
The arrow hits you!!
You die...

####'#.##'##..........#..#
#...÷#.#≈≈≈##........##§.#
..####.#≈≈≈≈##)....(##§§.#
###,,..#≈≈≈≈≈########..§.#
#,,,,####≈≈≈≈#((≈(≈#§..§§#
,,,,,#..#'≈≈≈'≈≈.≈≈'§§...#
,,,,,#...##≈≈#≈≈≈≈≈#§≈≈..#
,,,,,#....######(#####≈≈≈#
,,,,,#....#≈≈≈≈≈@≈≈≈≈##≈≈#
,,,,,#######≈≈≈≈≈≈≈≈≈≈≈≈≈#
,,,,,+,,*)}'...≈≈≈e≈≈≈#≈≈#
,,,,,*,,+.}#..$$$$..≈≈≈#≈#
*********#*###############


You could see a deep elf master archer.

Vanquished Creatures
  the Lernaean hydra (D)
  A golden dragon (D)
  A shadow dragon (D)
  4 fire giants (D)
  A deep elf annihilator (D)
  A mummy priest (D)
  2 centaur warriors (D)
  Sonja (D)
  A deep troll (D)
  4 unseen horrors (D)
  A lindwurm (D)
  2 oklob plants (D)
  2 merfolk sirens (D)
  A guardian serpent (D)
  A gargoyle (D)
  2 kobold demonologists (D)
  3 demonic crawlers (D)
  A hellwing (D)
  A meliai (D)
  5 hornets (D)
  A slime creature (D)
  Sigmund (D)
  2 yaks (D)
  13 hogs (D)
  2 redbacks (D)
  2 floating eyes (D)
  7 necrophages (D)
  An ogre (D)
  8 jellies (D)
  Ijyb (D)
  3 ballistomycetes (D)
  A ballistomycete spore (D)
78 creatures vanquished.

Vanquished Creatures (collateral kills)
  A daeva (D)
  A lorocyproca (D)
  A hydra (D)
  An unseen horror (D)
  8 shining eyes (D)
  A demonic crawler (D)
  5 floating eyes (D)
18 creatures vanquished.

Vanquished Creatures (others)
  A gargoyle (D)
  A ballistomycete spore (D)
2 creatures vanquished.

Grand Total: 98 creatures vanquished

Notes
Turn   | Place    | Note
-------+----------+-------------------------------------------
     0 | D        | iamserjio the Tengu Berserker began the quest for the Orb.
     0 | D        | Reached XP level 1. HP: 14/14 MP: 2/2
     2 | D        | Noticed Ijyb
     7 | D        | Killed Ijyb
     7 | D        | Reached skill level 5 in Long Blades
     7 | D        | Reached XP level 2. HP: 20/20 MP: 3/3
     7 | D        | Reached XP level 3. HP: 24/24 MP: 4/4
    44 | D        | Noticed an ogre
    47 | D        | Killed an ogre
    47 | D        | Reached skill level 5 in Fighting
    47 | D        | Reached XP level 4. HP: 26/31 MP: 5/5
   155 | D        | Noticed Sigmund
   158 | D        | Killed Sigmund
   158 | D        | Reached ** piety under Trog
   158 | D        | Reached skill level 6 in Fighting
   158 | D        | Gained mutation: You can fly. [Tengu growth]
   158 | D        | Reached XP level 5. HP: 36/36 MP: 6/6
   158 | D        | Reached XP level 6. HP: 41/41 MP: 7/7
   195 | D        | Found an ornate altar of the Wu Jian Council.
   195 | D        | Found a deep blue altar of Sif Muna.
   197 | D        | Found a radiant altar of Vehumet.
   221 | D        | Killed a gargoyle
   259 | D        | Found Quxaunoph's Magic Scroll Emporium.
   259 | D        | Found an ancient bone altar of Kikubaaqudgha.
   259 | D        | Found a hazy altar of Hepliaklqana.
   259 | D        | Found a stormy altar of Qazlal.
   259 | D        | Found a hide-covered altar of Uskayaw.
   259 | D        | Found a blossoming altar of Fedhas.
   259 | D        | Found a bloodstained altar of Trog.
   259 | D        | Found an iron altar of Okawaru.
   259 | D        | Found a basalt altar of Yredelemnul.
   259 | D        | Found a glowing golden altar of the Shining One.
   259 | D        | Found a snail-covered altar of Cheibriados.
   259 | D        | Found a sacrificial altar of Ru.
   259 | D        | Found a glowing silver altar of Zin.
   259 | D        | Found a shadowy altar of Dithmenos.
   259 | D        | Found a white marble altar of Elyvilon.
   259 | D        | Noticed a yak
   264 | D        | Killed a yak
   264 | D        | Reached skill level 7 in Fighting
   264 | D        | Reached skill level 10 in Long Blades
   264 | D        | Reached XP level 7. HP: 46/48 MP: 8/8
   265 | D        | Found an opulent altar of Gozag.
   288 | D        | Found a sparkling altar of Nemelex Xobeh.
   292 | D        | Bought a scroll of enchant armour for 82 gold pieces
   292 | D        | Bought a scroll of enchant armour for 82 gold pieces
   309 | D        | Found a viscous altar of Jiyva.
   309 | D        | Found a corrupted altar of Lugonu.
   309 | D        | Noticed a slime creature
   310 | D        | Found a burning altar of Makhleb.
   310 | D        | Found a shimmering altar of Xom.
   317 | D        | Killed a slime creature
   317 | D        | Reached *** piety under Trog
   317 | D        | Reached skill level 8 in Fighting
   361 | D        | Noticed a kobold demonologist
   362 | D        | Noticed a kobold demonologist
   368 | D        | Noticed a soul eater
   369 | D        | Killed a kobold demonologist
   369 | D        | Reached XP level 8. HP: 56/56 MP: 9/9
   373 | D        | Killed a kobold demonologist
   373 | D        | Reached **** piety under Trog
   373 | D        | Reached skill level 9 in Fighting
   432 | D        | Noticed a demonic crawler
   432 | D        | Noticed a demonic crawler
   432 | D        | Noticed a demonic crawler
   432 | D        | Noticed a demonic crawler
   434 | D        | Killed a demonic crawler
   434 | D        | Reached skill level 10 in Dodging
   438 | D        | Killed a demonic crawler
   447 | D        | Killed a demonic crawler
   447 | D        | Reached skill level 10 in Fighting
   447 | D        | Reached XP level 9. HP: 45/62 MP: 10/10
   452 | D        | Killed a demonic crawler
   624 | D        | Noticed a gargoyle
   633 | D        | Killed a gargoyle
   633 | D        | Reached ***** piety under Trog
   633 | D        | Reached skill level 11 in Fighting
   674 | D        | Noticed a lindwurm
   681 | D        | Killed a lindwurm
   730 | D        | Reached skill level 12 in Fighting
   736 | D        | Reached XP level 10. HP: 63/71 MP: 11/11
   741 | D        | Received a gift from Trog
   767 | D        | Reached skill level 13 in Fighting
   786 | D        | Received a gift from Trog
   988 | D        | Noticed Sonja
   993 | D        | Killed Sonja
   993 | D        | Reached skill level 15 in Long Blades
  1017 | D        | Found Zunt's General Store.
  1030 | D        | Bought a potion of lignification for 39 gold pieces
  1030 | D        | Bought a potion of heal wounds for 65 gold pieces
  1030 | D        | Bought a potion of lignification for 39 gold pieces
  1079 | D        | Noticed a deep troll
  1084 | D        | Killed a deep troll
  1288 | D        | Noticed a centaur warrior
  1293 | D        | Noticed a centaur warrior
  1297 | D        | Killed a centaur warrior
  1297 | D        | Reached skill level 14 in Fighting
  1297 | D        | Reached skill level 15 in Dodging
  1301 | D        | Killed a centaur warrior
  1301 | D        | Reached ****** piety under Trog
  1301 | D        | Reached XP level 11. HP: 58/80 MP: 9/12
  1463 | D        | Bought a scroll of identify for 22 gold pieces
  1463 | D        | Bought a scroll of identify for 22 gold pieces
  1463 | D        | Bought a scroll of identify for 22 gold pieces
  1519 | D        | Found Duiganeof's Armour Emporium.
  1524 | D        | Bought the cursed +0 ring mail "Vyl Reej" {rPois rCorr Str+2 Slay+2} for 334 gold pieces
  1569 | D        | Noticed an oklob plant
  1577 | D        | Killed an oklob plant
  1577 | D        | Received a gift from Trog
  1920 | D        | Received a gift from Trog
  1938 | D        | Received a gift from Trog
  1970 | D        | Found Juischaps's Food Shoppe.
  1970 | D        | Found Eclem's Armour Shop.
  1970 | D        | Found Qipy's Weapon Boutique.
  1972 | D        | Found Qarchac's Book Emporium.
  1972 | D        | Found Geilot's General Store.
  1972 | D        | Found Wodda's Antique Weapon Shoppe.
  1972 | D        | Found Ysoll's Distillery.
  1972 | D        | Found Adytunud's Magic Scroll Emporium.
  1972 | D        | Found Fyma's Assorted Antiques.
  1972 | D        | Found Isoyrush's Assorted Antiques.
  1973 | D        | Found Ilagg's Magic Scroll Boutique.
  1974 | D        | Found Juvvobeg's Food Emporium.
  1974 | D        | Found Labb's Assorted Antiques.
  1975 | D        | Found Oxikliuk's Gadget Emporium.
  2002 | D        | Bought a ration for 50 gold pieces
  2002 | D        | Bought a ration for 50 gold pieces
  2002 | D        | Bought a ration for 50 gold pieces
  2002 | D        | Bought a ration for 50 gold pieces
  2003 | D        | Bought an orange potion for 15 gold pieces
  2003 | D        | Bought a scroll of identify for 34 gold pieces
  2003 | D        | Bought a scroll labeled JUBEWNU IFOZ for 17 gold pieces
  2004 | D        | Bought a scroll of enchant armour for 75 gold pieces
  2005 | D        | Bought a shiny steel ring for 85 gold pieces
  2005 | D        | Bought a potion of curing for 51 gold pieces
  2005 | D        | Bought a golden potion for 15 gold pieces
  2005 | D        | Bought 2 scrolls of enchant weapon for 255 gold pieces
  2005 | D        | Bought a scroll labeled LODA KOIHUTS for 17 gold pieces
  2006 | D        | Bought 2 fizzy black potions for 39 gold pieces
  2006 | D        | Bought a scroll labeled JUBEWNU IFOZ for 22 gold pieces
  2007 | D        | Bought a scroll of enchant weapon for 75 gold pieces
  2009 | D        | Bought a potion of degeneration for 12 gold pieces
  2009 | D        | Bought a potion of curing for 36 gold pieces
  2009 | D        | Bought a potion of invisibility for 96 gold pieces
  2024 | D        | Bought a cloak for 76 gold pieces
  2095 | D        | Noticed a 12-headed hydra
  2096 | D        | Paralysed by a floating eye for 2 turns
  2104 | D        | Killed an 11-headed hydra
  2104 | D        | Reached skill level 15 in Fighting
  2105 | D        | Received a gift from Trog
  2381 | D        | HP: 2/121 [something (9)]
  2385 | D        | Killed a lorocyproca
  2524 | D        | Bought a scroll of identify for 20 gold pieces
  2525 | D        | Bought a scroll of identify for 20 gold pieces
  2535 | D        | Bought a potion of agility for 48 gold pieces
  2535 | D        | Bought a potion of cancellation for 96 gold pieces
  2535 | D        | Bought a potion of curing for 36 gold pieces
  2535 | D        | Bought a potion of might for 48 gold pieces
  2537 | D        | Bought a scroll of blinking for 90 gold pieces
  2660 | D        | Received a gift from Trog
  2672 | D        | Noticed a deep elf annihilator
  2674 | D        | Noticed a mummy priest
  2761 | D        | Killed a deep elf annihilator
  2765 | D        | Noticed an oklob plant
  2770 | D        | Killed a mummy priest
  2770 | D        | Reached XP level 12. HP: 49/88 MP: 11/13
  3073 | D        | Bought a wand of digging (13) for 374 gold pieces
  3137 | D        | Received a gift from Trog
  3322 | D        | Bought a scroll of identify for 20 gold pieces
  3322 | D        | Bought a scroll of identify for 20 gold pieces
  3322 | D        | Bought 3 scrolls of enchant armour for 225 gold pieces
  3327 | D        | Bought a ration for 50 gold pieces
  3327 | D        | Bought a ration for 50 gold pieces
  3327 | D        | Bought a ration for 50 gold pieces
  3384 | D        | Gained mutation: You tend to lose your temper in combat. [a shining eye]
  3387 | D        | Reached skill level 1 in Evocations
  3409 | D        | Received a gift from Trog
  3410 | D        | Reached skill level 16 in Fighting
  3416 | D        | Found Ethinui's Distillery.
  3416 | D        | Found Pochit's Weapon Shoppe.
  3416 | D        | Found Basch's Assorted Antiques.
  3416 | D        | Found Esecve's Book Emporium.
  3422 | D        | Bought a potion of heal wounds for 145 gold pieces
  3422 | D        | Bought a scroll of enchant weapon for 217 gold pieces
  3422 | D        | Bought 2 emerald potions for 52 gold pieces
  3445 | D        | Bought a potion of curing for 39 gold pieces
  3445 | D        | Bought a potion of curing for 39 gold pieces
  3445 | D        | Lost mutation: You tend to lose your temper in combat. [potion of mutation]
  3445 | D        | Gained mutation: You expend magic power (3 MP) to strengthen your wands. [potion of mutation]
  3445 | D        | Gained mutation: You are somewhat resistant to further mutation. [potion of mutation]
  3454 | D        | Bought a +1 long sword of flaming for 133 gold pieces
  3582 | D        | Noticed a daeva
  3594 | D        | Killed a daeva
  3630 | D        | Reached skill level 5 in Evocations
  3887 | D        | Noticed a fire giant
  3888 | D        | Noticed a fire giant
  3915 | D        | Killed a fire giant
  3917 | D        | Killed a fire giant
  3917 | D        | Received a gift from Trog
  3917 | D        | Reached skill level 17 in Fighting
  4072 | D        | Noticed a fire giant
  4072 | D        | Noticed a fire giant
  4086 | D        | Killed a fire giant
  4086 | D        | Reached skill level 18 in Fighting
  4086 | D        | Reached XP level 13. HP: 97/97 MP: 19/19
  4144 | D        | Killed a fire giant
  4265 | D        | Bought a wand of scattershot (6) for 330 gold pieces
  4345 | D        | Noticed a shadow dragon
  4348 | D        | Noticed a golden dragon
  4356 | D        | Killed a shadow dragon
  4356 | D        | Reached skill level 19 in Fighting
  4733 | D        | Killed a golden dragon
  4927 | D        | Found Ymurek's Assorted Antiques.
  4943 | D        | Bought a notched cabochon ring for 130 gold pieces
  4943 | D        | Bought a glowing sapphire ring for 130 gold pieces
  4943 | D        | Bought a gold wand for 104 gold pieces
  4956 | D        | Got an ancient rapier
  4957 | D        | Identified the +6 rapier "Qogibali" {holy, rPois rN+} (You found it in the Dungeon)
  4996 | D        | Noticed the 27-headed Lernaean hydra
  4998 | D        | Killed the 27-headed Lernaean hydra
  4998 | D        | Reached skill level 21 in Fighting
  5051 | D        | Noticed a deep elf master archer
  5470 | D        | Bought the +1 ring mail "Opiuj Unekor" {rC+++ MR- Regen+ Stlth-} for 499 gold pieces
  5579 | D        | Found the +6 lightning scales {run, rElec}
  5758 | D        | Bought a scroll of fog for 20 gold pieces
  5758 | D        | Bought 3 scrolls of holy word for 225 gold pieces
  5759 | D        | Bought a scroll of fog for 34 gold pieces
  5759 | D        | Bought a potion of haste for 170 gold pieces
  5759 | D        | Bought a forked wooden wand for 68 gold pieces
  5762 | D        | Bought a potion of mutation for 96 gold pieces
  5762 | D        | Bought a potion of ambrosia for 96 gold pieces
  5762 | D        | Bought a potion of mutation for 96 gold pieces
  5767 | D        | Bought a ration for 50 gold pieces
  5767 | D        | Bought a ration for 50 gold pieces
  5767 | D        | Bought a ration for 50 gold pieces
  5767 | D        | Bought a ration for 50 gold pieces
  5767 | D        | Bought a ration for 50 gold pieces
  5862 | D        | Shot with an arrow by a deep elf master archer

Skill      XL: |  1  2  3  4  5  6  7  8  9 10 11 12 13 |
---------------+----------------------------------------+-----
Long Blades    | 5 7 9 10 12 14 16 19 20 | 20.1
Armour         | 3 4 6 |  6.4
Dodging        | 3 4 6 7 9 10 13 15 16 18 | 18.1
Fighting       | 5 6 7 8 10 12 14 15 18 21 | 21.2
Evocations     | 6 |  6.7

Action                   |  1- 3 |  4- 6 |  7- 9 | 10-12 | 13-15 || total
-------------------------+-------+-------+-------+-------+-------++-------
Melee: Falchion          |     5 |    10 |    50 |    53 |       ||   118
       Peck              |     2 |     3 |    15 |    53 |     5 ||    78
       Kick              |     2 |     5 |    29 |    80 |     7 ||   123
       Great sword       |       |       |       |   125 |    13 ||   138
Invok: Berserk           |     2 |     1 |     5 |     5 |     2 ||    15
       Brothers in Arms  |       |       |     1 |     9 |     3 ||    13
       Trog's Hand       |       |       |       |     6 |     3 ||     9
 Abil: Fly               |       |       |     1 |     8 |     5 ||    14
Evoke: Wand              |       |       |       |     7 |     2 ||     9
  Use: Potion            |       |       |       |    11 |     7 ||    18
       Scroll            |       |       |       |    22 |     3 ||    25
 Stab: Distracted        |       |       |     1 |       |     1 ||     2
       Confused          |       |       |       |     1 |       ||     1
  Eat: Chunk             |       |       |     4 |     3 |     3 ||    10
       Ration            |       |       |     1 |     5 |     3 ||     9
Armor: Leather armour    |       |     1 |     5 |     4 |       ||    10
       Ring mail         |       |       |       |    24 |     6 ||    30
       Skin              |       |       |       |     7 |       ||     7
Dodge: Dodged            |     1 |     5 |    26 |   104 |    28 ||   164
       Rpst.: Falchion   |     1 |     3 |     6 |     6 |       ||    16
       Great sword       |       |       |       |    18 |     3 ||    21
